[Event "Titled Tuesday Blitz August 17 2021"]
[White "Sevian, Samuel"]
[Black "D`Costa, Lorin"]
[WhiteFideId "2040506"]
[BlackFideId "409219"]
[WhiteElo "2964"]
[BlackElo "2287"]
[Result "1-0"]
[Round "05"]
[TimeControl "180+1"]
[Date "2021.08.17"]
[WhiteClock "0:02:23"]
[BlackClock "0:00:01"]

1. d4 d5 2. c4 c6 3. Nf3 Nf6 4. e3 Bf5 5. Nc3 e6 6. Bd3 Bg6 7. O-O Nbd7 8. b3 Bd6 9. Bb2 O-O 10. Qc2 Re8 11. e4 dxe4 12. Nxe4 Nxe4 13. Bxe4 Nf6 14. Bxg6 hxg6 15. Rfe1 a5 16. a3 Qc7 17. Rad1 Rad8 18. h4 b5 19. Rd3 bxc4 20. Qxc4 Nd5 21. Ne5 Rc8 22. Rf3 Bxe5 23. dxe5 Red8 24. Qg4 Ne7 25. h5 gxh5 26. Qxh5 Ng6 27. Rh3 Rd2 28. Qh7+ Kf8 29. Bc1 Rcd8 30. Bxd2 Rxd2 31. Rf3 Nxe5 32. Rf4 Ng6 33. Rf3 Ne5 34. Qh8+ Ke7 35. Rfe3 Ng4 36. Rxe6+ fxe6 37. Qxg7+ Kd6 38. Qxg4 Qf7 39. Qg3+ Kd7 40. b4 axb4 41. axb4 Qf5 42. Qe3 Qd5 43. Qa7+ Ke8 44. Qb8+ Kf7 45. Qf4+ Ke7 46. Qg4 Kd7 47. Ra1 Rd4 48. Ra7+ Kd6 49. Qg3+ e5 50. Qg6+ Qe6 51. Qg7 Kd5 52. f3 Kc4 53. b5 cxb5 54. Qc7+ Kb3 55. Qc1 Qc4 56. Qb1+ Kc3 57. Ra3+ Kd2 58. Ra2+ Ke3 59. Qe1+ Kf4 60. Re2 Kf5 61. Rxe5+ Kf6 62. Re3 1-0


[Site "https://www.chess.com"]

[Event "Titled Tuesday Blitz August 17 2021"]
[White "Shahade, Gregory"]
[Black "Turner, Max N"]
[WhiteFideId "2009064"]
[BlackFideId "447722"]
[WhiteElo "2696"]
[BlackElo "2078"]
[Result "1-0"]
[Round "05"]
[TimeControl "180+1"]
[Date "2021.08.17"]
[WhiteClock "0:01:06"]
[BlackClock "0:00:54"]

1. e4 c5 2. Nf3 e6 3. d4 cxd4 4. Nxd4 Nc6 5. Nc3 Qc7 6. Be3 a6 7. Qf3 Bd6 8. O-O-O Be5 9. Nxc6 bxc6 10. Bd4 Nf6 11. Bxe5 Qxe5 12. Qe3 Ng4 13. Qe1 O-O 14. f3 Nf6 15. Qg3 Qa5 16. e5 Nd5 17. Nxd5 cxd5 18. Kb1 Rb8 19. Bd3 Qc3 20. b3 a5 21. f4 Kh8 22. Bxh7 Qxg3 23. hxg3 Bb7 24. Bg6+ Kg8 25. Bh7+ Kh8 26. Rh4 g6 27. Bxg6+ Kg7 28. Bd3 Rh8 29. Rdh1 d4 30. Rg4+ 1-0


[Site "https://www.chess.com"]

[Event "Titled Tuesday Blitz August 17 2021"]
[White "Shimanov, Aleksandr"]
[Black "Ronka, Erik"]
[WhiteFideId "4198603"]
[BlackFideId "505080"]
[WhiteElo "2596"]
[BlackElo "2264"]
[Result "1-0"]
[Round "05"]
[TimeControl "180+1"]
[Date "2021.08.17"]
[WhiteClock "0:00:28"]
[BlackClock "0:00:03"]

1. b3 d5 2. Bb2 Nf6 3. Nf3 Bg4 4. e3 Nbd7 5. h3 Bh5 6. g4 Bg6 7. g5 Ne4 8. d3 Nd6 9. h4 h6 10. Rg1 hxg5 11. hxg5 c6 12. Nbd2 Qa5 13. a3 O-O-O 14. b4 Qc7 15. Nb3 Nf5 16. Qe2 Bh5 17. Rh1 Nh4 18. Rxh4 Bxf3 19. Rxh8 Bxe2 20. Bxe2 e6 21. Rh7 Bd6 22. d4 Rg8 23. O-O-O Qd8 24. f4 f6 25. Rg1 f5 26. Nc5 Qe7 27. Nd3 Nf8 28. Rh3 a5 29. Bc3 axb4 30. axb4 Ng6 31. Kb2 Kc7 32. Ra1 Qf8 33. Nc5 Bxc5 34. dxc5 Rh8 35. Rah1 Rxh3 36. Rxh3 e5 37. fxe5 Qe7 38. Rh7 Nxe5 39. Bd4 Kb8 40. g6 Qf6 41. Rh8+ Ka7 42. Re8 Nxg6 43. Bxf6 1-0


[Site "https://www.chess.com"]

[Event "Titled Tuesday Blitz August 17 2021"]
[White "Shishkov, Andrei"]
[Black "Potapova, Margarita"]
[WhiteFideId "4500563"]
[BlackFideId "14126869"]
[WhiteElo "2322"]
[BlackElo "2214"]
[Result "0-1"]
[Round "05"]
[TimeControl "180+1"]
[Date "2021.08.18"]
[WhiteClock "0:00:07"]
[BlackClock "0:00:18"]

1. d4 Nf6 2. c4 g6 3. f3 Bg7 4. e4 Nh5 5. g4 Nf6 6. Nc3 c5 7. dxc5 O-O 8. Be3 Na6 9. Qd2 Qc7 10. Nb5 Qc6 11. Ne2 Nxc5 12. Ned4 Qb6 13. b4 Ncxe4 14. fxe4 Nxg4 15. c5 Qf6 16. Bg5 Qe5 17. Bf4 Qxe4+ 18. Qe2 Qxf4 19. Rd1 a6 20. Bh3 Ne3 21. Rd3 Nd5 22. Rf1 Qh4+ 23. Qf2 Qxf2+ 24. Rxf2 axb5 25. Nxb5 Nxb4 26. Re3 Nc6 27. Rd3 Ne5 28. Rd5 d6 29. Bxc8 Rfxc8 30. Rc2 dxc5 31. Re2 Nf3+ 32. Kf2 Nd4 33. Nxd4 cxd4 34. Rxe7 Rd8 35. Rxd8+ Rxd8 36. Rxb7 d3 37. Ke1 Bc3+ 38. Kd1 Re8 0-1


[Site "https://www.chess.com"]

[Event "Titled Tuesday Blitz August 17 2021"]
[White "Shkapenko, Pavel"]
[Black "Timofeev, Artyom"]
[WhiteFideId "4151933"]
[BlackFideId "4140419"]
[WhiteElo "2386"]
[BlackElo "2582"]
[Result "0-1"]
[Round "05"]
[TimeControl "180+1"]
[Date "2021.08.17"]
[WhiteClock "0:00:08"]
[BlackClock "0:00:09"]

1. e4 c5 2. c3 d6 3. d4 Qc7 4. Nf3 g6 5. dxc5 Qxc5 6. Be3 Qc7 7. Na3 a6 8. Nc4 Nd7 9. a4 Ngf6 10. Qc2 Nc5 11. e5 dxe5 12. Ncxe5 Bf5 13. Qd1 Rd8 14. Bd4 Bg7 15. Bc4 Be6 16. Qe2 Bxc4 17. Qxc4 Ne6 18. Qxc7 Nxc7 19. O-O Ne6 20. Bb6 Rc8 21. Rad1 Ne4 22. Rfe1 Nd6 23. Nd4 Nxd4 24. Bxd4 Nf5 25. Bb6 h5 26. a5 h4 27. Nd3 Nd6 28. Nf4 Nc4 29. Nd5 e6 30. Nc7+ Ke7 31. Bc5+ Kf6 32. Rd7 g5 33. b3 Nxa5 34. Be7+ Kg6 35. b4 Nc4 36. h3 Ne5 37. Nxe6 Nxd7 38. Nxg7 Kxg7 39. Bxg5 Kg6 40. Be3 Rhe8 41. Rd1 Nf6 42. Rd6 Re6 43. Rd4 Ne4 44. c4 f5 45. c5 Rce8 46. Rd7 R6e7 47. Rd5 Nf6 48. Rd6 Re6 49. Rd4 Re4 50. Rd6 R8e6 51. Rd8 f4 52. Bd4 Re1+ 53. Kh2 Ne4 54. Rg8+ Kf7 55. Rg4 Nd2 56. Rxf4+ Ke8 57. g3 Nf1+ 58. Kg2 hxg3 59. fxg3 Ne3+ 60. Bxe3 R6xe3 61. h4 R1e2+ 62. Kh3 Re4 63. Rf5 Rxb4 64. h5 Re6 65. g4 a5 66. g5 a4 67. h6 Re1 68. Kg3 Rb3+ 69. Kg4 a3 70. Rf2 Rh1 71. Kf5 Rb2 72. Rf3 a2 73. Ra3 a1=Q 74. Rxa1 Rxa1 75. Kg6 Rh1 76. h7 Rbh2 0-1


[Site "https://www.chess.com"]

[Event "Titled Tuesday Blitz August 17 2021"]
[White "Shtyka, Sergey"]
[Black "Bologan, Victor"]
[WhiteFideId "4138465"]
[BlackFideId "13900048"]
[WhiteElo "2064"]
[BlackElo "2511"]
[Result "0-1"]
[Round "05"]
[TimeControl "180+1"]
[Date "2021.08.17"]
[WhiteClock "0:01:20"]
[BlackClock "0:02:08"]

1. e4 c5 2. Nf3 d6 3. d4 cxd4 4. Nxd4 Nf6 5. Nc3 a6 6. Bc4 e6 7. O-O Nbd7 8. Be3 Nc5 9. Bd3 Be7 10. f4 O-O 11. Qf3 Qc7 12. Rae1 b5 13. a3 Bb7 14. Kh1 Rac8 15. Bf2 d5 16. exd5 Nxd5 17. Nxd5 Bxd5 18. Qh3 Nxd3 19. cxd3 Qxf4 20. Nf5 exf5 21. Rxe7 Qxf2 0-1


[Site "https://www.chess.com"]

[Event "Titled Tuesday Blitz August 17 2021"]
[White "Siva Mahadevan"]
[Black "Eynullayev, Atilla"]
[WhiteFideId "25043153"]
[BlackFideId "13413570"]
[WhiteElo "2203"]
[BlackElo "1997"]
[Result "1-0"]
[Round "05"]
[TimeControl "180+1"]
[Date "2021.08.17"]
[WhiteClock "0:01:02"]
[BlackClock "0:00:20"]

1. e4 c5 2. Nf3 e6 3. d4 cxd4 4. Nxd4 Nc6 5. Nc3 a6 6. Be2 Qc7 7. O-O Nf6 8. Be3 Be7 9. f4 d6 10. a4 O-O 11. Kh1 Nxd4 12. Qxd4 Bd7 13. e5 Ne8 14. Rad1 Bc6 15. b4 Rd8 16. b5 dxe5 17. Qxe5 axb5 18. axb5 Qxe5 19. fxe5 Bd5 20. Nxd5 Rxd5 21. Rxd5 exd5 22. Bf3 Nc7 23. b6 Ne6 24. Bxd5 Bc5 25. Bxc5 Nxc5 26. c4 g6 27. g4 Kg7 28. Ra1 Re8 29. Ra7 Rxe5 30. Bxb7 Re7 31. Bd5 Re1+ 32. Kg2 Nd3 33. Rxf7+ Kh6 34. h4 g5 35. Rf6+ Kg7 36. hxg5 Re2+ 37. Kf1 Re1+ 38. Kg2 Re2+ 39. Kf3 Re7 40. b7 Ne1+ 41. Kf2 Nd3+ 42. Kg3 Re3+ 43. Rf3 Re8 44. Rxd3 1-0


[Site "https://www.chess.com"]

[Event "Titled Tuesday Blitz August 17 2021"]
[White "Sonis, Francesco"]
[Black "Mirzoev, Azer"]
[WhiteFideId "895733"]
[BlackFideId "13400304"]
[WhiteElo "2373"]
[BlackElo "2525"]
[Result "1/2-1/2"]
[Round "05"]
[TimeControl "180+1"]
[Date "2021.08.17"]
[WhiteClock "0:00:14"]
[BlackClock "0:00:03"]

1. d4 d5 2. c4 c6 3. Nf3 Nf6 4. e3 a6 5. Nc3 g6 6. a4 Bg7 7. Be2 O-O 8. O-O Be6 9. Qb3 Ra7 10. a5 dxc4 11. Bxc4 Bxc4 12. Qxc4 Nbd7 13. Rd1 e6 14. e4 Ra8 15. h3 Re8 16. Bf4 h6 17. Qb3 Ra7 18. Be3 Qc8 19. d5 Ra8 20. dxe6 Rxe6 21. Ra4 Re8 22. Bf4 Nf8 23. Bd6 N6d7 24. Rb4 Ne6 25. e5 Ndc5 26. Qc4 Bf8 27. Bxf8 Rxf8 28. Ne4 Nxe4 29. Qxe4 Rd8 30. Rd6 Qc7 31. Qe3 Kg7 32. Rh4 h5 33. Rb4 Rab8 34. Qb6 Qxb6 35. Rxb6 Nc5 36. Nd4 Nd7 37. Nxc6 bxc6 38. Rxb8 Rxb8 39. Rxd7 Rxb2 40. e6 Kf6 41. exf7 Kg7 42. Ra7 Rb5 43. Rxa6 Kxf7 44. Kh2 c5 45. Ra8 c4 46. a6 Kg7 47. Rc8 Ra5 48. Rc7+ Kf6 49. a7 c3 50. f4 c2 51. Kg3 Rxa7 52. Rc6+ Kg7 53. Rxc2 Ra4 54. Rc7+ Kh6 55. Rf7 Rb4 56. Kh4 g5+ 57. Kg3 gxf4+ 58. Rxf4 Rb6 59. Kh4 Rg6 60. g3 Ra6 61. Re4 Rb6 62. Rd4 Ra6 63. Rb4 Rc6 64. Rb5 Rc4+ 65. g4 hxg4 66. hxg4 Kg6 67. Rb6+ Kg7 68. Kh5 Rc7 69. g5 Ra7 70. Rg6+ Kh7 71. Rh6+ Kg7 72. Rd6 Kh7 73. Rg6 Rb7 74. Rh6+ Kg7 75. Rg6+ Kh7 76. Rh6+ Kg7 77. Rg6+ Kh7 1/2-1/2


[Site "https://www.chess.com"]

[Event "Titled Tuesday Blitz August 17 2021"]
[White "Stribuk, Artiom"]
[Black "Pridorozhni, Aleksei"]
[WhiteFideId "13515659"]
[BlackFideId "4127870"]
[WhiteElo "2633"]
[BlackElo "2808"]
[Result "1-0"]
[Round "05"]
[TimeControl "180+1"]
[Date "2021.08.17"]
[WhiteClock "0:01:46"]
[BlackClock "0:02:35"]

1. d4 d5 2. c4 e6 3. Nf3 c6 4. g3 Nf6 5. Bg2 dxc4 6. O-O b5 7. Ne5 Bb7 8. a4 a6 9. Nc3 Nd5 10. e4 Nxc3 11. bxc3 Nd7 12. Bf4 Be7 13. Qg4 O-O 14. Bh6 Bf6 15. Nxd7 Qxd7 16. e5 1-0


[Site "https://www.chess.com"]

[Event "Titled Tuesday Blitz August 17 2021"]
[White "Sychev, Klementy"]
[Black "Awatramani, Janak"]
[WhiteFideId "4114060"]
[BlackFideId "2608359"]
[WhiteElo "2615"]
[BlackElo "2903"]
[Result "0-1"]
[Round "05"]
[TimeControl "180+1"]
[Date "2021.08.17"]
[WhiteClock "0:00:02"]
[BlackClock "0:00:20"]

1. e4 e6 2. d4 d5 3. Nc3 Nf6 4. e5 Nfd7 5. Nce2 c5 6. c3 a6 7. f4 b5 8. Nf3 g6 9. Be3 Nc6 10. Qd2 Bb7 11. Rg1 Qc7 12. g4 Nb6 13. b3 cxd4 14. Nexd4 Nd7 15. Nxc6 Bxc6 16. b4 Nb6 17. Bd4 Nc4 18. Qf2 a5 19. bxa5 Qxa5 20. Bd3 b4 21. cxb4 Bxb4+ 22. Kf1 h5 23. gxh5 Rxh5 24. Rxg6 fxg6 25. Bxg6+ Kd7 26. Bxh5 Bc3 27. Rd1 Rg8 28. Ng5 Nd2+ 29. Rxd2 Bxd2 30. Bf7 Rxg5 31. fxg5 Bxg5 32. Kg2 Qa4 33. h4 Be7 34. h5 Bg5 35. Kh3 Qd1 36. Kh2 Qg4 37. Bg6 Bf4+ 38. Kh1 Qd1+ 39. Kg2 Qg4+ 40. Kf1 Bb5+ 41. Ke1 Bg3 0-1


[Site "https://www.chess.com"]

[Event "Titled Tuesday Blitz August 17 2021"]
[White "Taboas Rodriguez, Daniel"]
[Black "Vasli, Aref"]
[WhiteFideId "2208466"]
[BlackFideId "417521"]
[WhiteElo "2429"]
[BlackElo "2257"]
[Result "0-1"]
[Round "05"]
[TimeControl "180+1"]
[Date "2021.08.17"]
[WhiteClock "0:00:02"]
[BlackClock "0:00:13"]

1. d4 Nf6 2. Nf3 e6 3. c4 c5 4. e3 d5 5. Nc3 Nc6 6. cxd5 Nxd5 7. Bd3 Be7 8. O-O O-O 9. a3 Nxc3 10. bxc3 b6 11. Qe2 Qc7 12. Bb2 Bb7 13. e4 Rad8 14. Rac1 Qf4 15. Rfd1 Qh6 16. d5 Na5 17. c4 Rfe8 18. Bc3 exd5 19. cxd5 c4 20. Bxc4 Bxa3 21. Ra1 Bc5 22. e5 Nxc4 23. Qxc4 Rc8 24. Qd3 a5 25. d6 Red8 26. Ra4 Qg6 27. Qxg6 hxg6 28. Bd4 Bxf3 29. gxf3 Bxd4 30. Raxd4 Rc5 31. f4 Kf8 32. Rd5 Rxd5 33. Rxd5 Ke8 34. Rb5 Rb8 35. h4 Kd7 36. Kg2 Kc6 37. Rb1 b5 38. Rc1+ Kd5 39. Rc7 b4 40. Rxf7 b3 41. d7 a4 42. Rxg7 b2 43. Rxg6 b1=Q 44. Rd6+ Ke4 45. d8=Q Rxd8 46. Rxd8 Kxf4 47. Rd4+ Kxe5 48. Rxa4 Qb7+ 49. Kh2 Qf3 50. Ra5+ Kf6 51. Ra6+ Kf5 52. Ra5+ Kf6 53. Ra6+ Kg7 54. Ra7+ Kh6 55. Ra6+ Kh5 56. Ra5+ Kxh4 57. Ra4+ Kh5 58. Kg1 Qd1+ 0-1


[Site "https://www.chess.com"]

[Event "Titled Tuesday Blitz August 17 2021"]
[White "Taichman, Ori"]
[Black "Rodchenkov, Vitaly"]
[WhiteFideId "2804069"]
[BlackFideId "4152964"]
[WhiteElo "2227"]
[BlackElo "2337"]
[Result "1-0"]
[Round "05"]
[TimeControl "180+1"]
[Date "2021.08.17"]
[WhiteClock "0:00:14"]
[BlackClock "0:00:19"]

1. e4 c5 2. b3 d5 3. exd5 Qxd5 4. Nc3 Qd8 5. Bb2 Nf6 6. Bb5+ Bd7 7. Qe2 e6 8. O-O-O a6 9. Bxd7+ Nbxd7 10. Nf3 Qc7 11. d4 cxd4 12. Nxd4 Bb4 13. Nxe6 fxe6 14. Qxe6+ Kf8 15. Nd5 Qd6 16. Qf5 Ba3 17. Rhe1 Bxb2+ 18. Kxb2 Re8 19. Rxe8+ Kxe8 20. Nc3 Qc5 21. Qe6+ Qe7 22. Qc4 g6 23. Qc8+ Qd8 24. Re1+ Kf7 25. Qxb7 Re8 26. Rxe8 Qxe8 27. Qxa6 Qe5 28. Qc4+ Kg7 29. a4 Nb6 30. Qc6 Nbd5 31. a5 Ne4 32. Qxd5 Qxc3+ 33. Kb1 Nd2+ 34. Kc1 Nf1 35. Qd7+ Kh6 36. Qh3+ Qxh3 37. gxh3 1-0


[Site "https://www.chess.com"]

[Event "Titled Tuesday Blitz August 17 2021"]
[White "Tanenbaum, Zachary"]
[Black "Martin Carmona, Gaston Manuel"]
[WhiteFideId "2060850"]
[BlackFideId "22284567"]
[WhiteElo "2165"]
[BlackElo "2161"]
[Result "1-0"]
[Round "05"]
[TimeControl "180+1"]
[Date "2021.08.17"]
[WhiteClock "0:00:47"]
[BlackClock "0:00:11"]

1. e4 e5 2. Nf3 Nc6 3. Bc4 Bc5 4. c3 Nf6 5. d3 O-O 6. Nbd2 d5 7. exd5 Nxd5 8. Ne4 Be7 9. O-O Bg4 10. h3 Bh5 11. Re1 Kh8 12. Ng3 Bg6 13. Nxe5 Nxe5 14. Rxe5 Nb6 15. Bb3 Bd6 16. Re3 f5 17. Re1 f4 18. Ne4 f3 19. Ng5 fxg2 20. Qg4 Qf6 21. Qxg2 Bxd3 22. Be3 Rae8 23. Bd4 Rxe1+ 24. Rxe1 Qg6 25. Re6 Qh5 26. Ne4 Rg8 27. Nf6 Qh6 28. Be3 gxf6 29. Qxg8+ Kxg8 30. Re8+ Kg7 31. Rg8# 1-0


[Site "https://www.chess.com"]

[Event "Titled Tuesday Blitz August 17 2021"]
[White "Tang, Andrew"]
[Black "Urazayev, Arystanbek"]
[WhiteFideId "2059630"]
[BlackFideId "13709810"]
[WhiteElo "2588"]
[BlackElo "2321"]
[Result "0-1"]
[Round "05"]
[TimeControl "180+1"]
[Date "2021.08.17"]
[WhiteClock "0:00:03"]
[BlackClock "0:00:17"]

1. d4 d5 2. Bf4 Nf6 3. e3 e6 4. Nf3 c5 5. Nbd2 Nc6 6. c3 Nh5 7. Bg5 Qb6 8. dxc5 Bxc5 9. b4 Bf8 10. a3 h6 11. Bh4 g5 12. Nd4 Nf6 13. Bg3 Bg7 14. Nb5 e5 15. Nd6+ Ke7 16. c4 Be6 17. Rc1 Qc7 18. cxd5 Nxd5 19. N6e4 a6 20. Nc5 Bc8 21. Bc4 Rd8 22. Qf3 Nf6 23. Qe2 Bf5 24. O-O Kf8 25. Rfd1 Qe7 26. h3 Kg8 27. Nf3 Ne4 28. Nxe4 Bxe4 29. Nd2 Bg6 30. Nb3 Rxd1+ 31. Rxd1 Rd8 32. Bd5 Nd4 33. exd4 Rxd5 34. Re1 e4 35. Qc4 Qd8 36. Rd1 Kh7 37. Bc7 Qd7 38. Bg3 f5 39. Nc5 Qc6 40. Bb8 b6 41. Qxa6 Bxd4 42. Rc1 Bxc5 43. bxc5 Rxc5 44. Qa7+ Kg8 45. Rxc5 Qxc5 46. Bc7 e3 47. fxe3 Qxe3+ 48. Kh2 f4 49. Bxb6 Qg3+ 50. Kh1 Be4 51. Qb8+ Kh7 52. Qc7+ Kg6 53. Qd7 Qxg2# 0-1


[Site "https://www.chess.com"]

[Event "Titled Tuesday Blitz August 17 2021"]
[White "Tania, Sachdev"]
[Black "Nazaretyan, Tigran"]
[WhiteFideId "5007844"]
[BlackFideId "24162345"]
[WhiteElo "2280"]
[BlackElo "2167"]
[Result "1-0"]
[Round "05"]
[TimeControl "180+1"]
[Date "2021.08.18"]
[WhiteClock "0:00:13"]
[BlackClock "0:00:15"]

1. d4 Nf6 2. c4 d6 3. Nc3 e5 4. Nf3 Nbd7 5. g3 c6 6. Bg2 e4 7. Ng5 d5 8. O-O h6 9. Nh3 Nb6 10. c5 Nbd7 11. f3 exf3 12. exf3 Be7 13. Bf4 O-O 14. Qd2 Re8 15. Rae1 Nf8 16. Be5 N6d7 17. Bf4 Ng6 18. Be3 b6 19. b4 a5 20. a3 axb4 21. axb4 bxc5 22. bxc5 Ba6 23. Rf2 Bc4 24. Bf1 Bxf1 25. Kxf1 Bf6 26. Rfe2 Qa5 27. Rc1 Ndf8 28. Kg2 Ne6 29. f4 Ne7 30. g4 Qb4 31. f5 Nxd4 32. Ne4 Qxd2 33. Nxf6+ gxf6 34. Rxd2 Nb3 35. Rdc2 Nxc1 36. Rxc1 Kg7 37. Bd2 Reb8 38. Rc2 d4 39. Nf4 Rb3 40. Nh5+ Kg8 41. Nxf6+ Kf8 42. Bxh6# 1-0


[Site "https://www.chess.com"]

[Event "Titled Tuesday Blitz August 17 2021"]
[White "Terry, Renato"]
[Black "Silich, Yahor"]
[WhiteFideId "3803457"]
[BlackFideId "13513656"]
[WhiteElo "2581"]
[BlackElo "2142"]
[Result "1-0"]
[Round "05"]
[TimeControl "180+1"]
[Date "2021.08.17"]
[WhiteClock "0:01:10"]
[BlackClock "0:00:06"]

1. e4 c5 2. Nf3 Nc6 3. Bb5 g6 4. Bxc6 dxc6 5. d3 Bg7 6. h3 Nf6 7. Nc3 Nd7 8. Be3 b6 9. Qd2 h6 10. O-O e5 11. Nh2 Nf8 12. f4 exf4 13. Rxf4 Be6 14. Raf1 Qc7 15. Ng4 O-O-O 16. R4f2 g5 17. Nf6 Nd7 18. Nh5 Be5 19. g4 f5 20. exf5 Bf7 21. Ne4 Bxh5 22. gxh5 Nf6 23. Nxf6 Bxf6 24. Rf3 Qf7 25. Qg2 Qxh5 26. Rf4 Kb7 27. Re4 Qf7 28. Re6 Rc8 29. c3 Rhd8 30. Qe4 Rd5 31. Kg2 Rcd8 32. c4 R5d6 33. b3 Qd7 34. Rd1 Rxd3 35. Rxd3 Qxd3 36. Qxc6+ Kb8 37. Bf2 Bd4 38. Bg3+ 1-0


[Site "https://www.chess.com"]

[Event "Titled Tuesday Blitz August 17 2021"]
[White "Thing, Bibek"]
[Black "Gurvich, Vitaly"]
[WhiteFideId "12303135"]
[BlackFideId "24164852"]
[WhiteElo "2000"]
[BlackElo "2252"]
[Result "1-0"]
[Round "05"]
[TimeControl "180+1"]
[Date "2021.08.18"]
[WhiteClock "0:00:03"]
[BlackClock "0:00:01"]

1. e4 c6 2. d4 d5 3. e5 Bf5 4. h4 h5 5. Bd3 Bxd3 6. Qxd3 Qa5+ 7. Nd2 Qa6 8. c4 e6 9. b3 Nh6 10. Ngf3 Nf5 11. Qc2 Nd7 12. O-O Be7 13. g3 Ba3 14. Kg2 Qa5 15. Bxa3 Qxa3 16. c5 O-O 17. Nb1 Qb4 18. a3 Qa5 19. b4 Qd8 20. Nc3 f6 21. Rae1 fxe5 22. dxe5 a5 23. Ne2 axb4 24. axb4 Qe7 25. Ned4 Ra3 26. Nxf5 Rxf5 27. Ng5 g6 28. f4 Kg7 29. Ra1 Rxa1 30. Rxa1 Rf8 31. Ra7 Rb8 32. b5 Kh6 33. bxc6 bxc6 34. Kh3 Rd8 35. Rc7 Qe8 36. Rxc6 Nf8 37. Rc7 Rd7 38. Rxd7 Qxd7 39. c6 Qc8 40. Qc5 Qa8 41. Qe7 Qa1 42. Qxf8# 1-0


[Site "https://www.chess.com"]

[Event "Titled Tuesday Blitz August 17 2021"]
[White "Tikhonov, Viacheslav"]
[Black "Gedgafov, Chamal"]
[WhiteFideId "44196407"]
[BlackFideId "34130621"]
[WhiteElo "1773"]
[BlackElo "2005"]
[Result "0-1"]
[Round "05"]
[TimeControl "180+1"]
[Date "2021.08.18"]
[WhiteClock "0:00:04"]
[BlackClock "0:00:08"]

1. e4 e6 2. d4 d5 3. Nc3 Bb4 4. Ne2 dxe4 5. a3 Be7 6. g4 Nd7 7. Bg2 h5 8. gxh5 Ngf6 9. Ng3 c6 10. Ncxe4 Nxe4 11. Nxe4 Nf6 12. c3 Nxh5 13. Be3 Qc7 14. Ng3 Nf4 15. Be4 f5 16. Bf3 g5 17. Bxf4 Qxf4 18. Qe2 g4 19. Bg2 Bd7 20. Qe3 Qd6 21. Qe5 Qxe5+ 22. dxe5 O-O-O 23. h3 gxh3 24. Rxh3 Bg5 25. Ke2 Bf4 26. Rah1 Bxe5 27. Nh5 Rhg8 28. Rg1 Rdf8 29. f4 Bd6 30. Rh2 c5 31. c4 Bc6 32. Kf2 Be8 33. Ng3 Bxf4 34. Bf3 Bc6 35. Bxc6 bxc6 36. Rhg2 Bxg3+ 37. Rxg3 Rxg3 38. Rxg3 Rf7 39. Kf3 Kd7 40. Kf4 Kd6 41. Rd3+ Ke7 42. Re3 Rg7 43. Rh3 Rg4+ 44. Ke3 Rxc4 45. Rh7+ Kd6 46. Rxa7 Rc2 47. Rb7 e5 48. a4 c4 49. a5 Rc1 50. a6 Kd5 51. a7 Ra1 52. Kd2 f4 53. Kc3 Kc5 54. Re7 Kd6 55. Rb7 e4 56. Kxc4 f3 57. Rf7 Ke6 58. Rc7 f2 59. Rc8 e3 60. Kc5 Rxa7 61. Kb6 Rf7 62. Re8+ Kf5 63. Rxe3 f1=Q 64. Rb3 Qd1 65. Rc3 Qd4+ 66. Rc5+ Ke4 67. Kxc6 Rf5 68. Rxf5 Kxf5 69. b4 Qxb4 70. Kd5 Qd2+ 71. Kc6 Ke6 72. Kb5 Qc3 73. Kb6 Kd6 74. Ka7 Qb4 75. Ka6 Kc6 0-1


[Site "https://www.chess.com"]

[Event "Titled Tuesday Blitz August 17 2021"]
[White "Timmermans, Mark"]
[Black "Shapiro, David"]
[WhiteFideId "1026399"]
[BlackFideId "24133523"]
[WhiteElo "2460"]
[BlackElo "2234"]
[Result "1-0"]
[Round "05"]
[TimeControl "180+1"]
[Date "2021.08.17"]
[WhiteClock "0:00:16"]
[BlackClock "0:00:05"]

1. b4 e5 2. Bb2 Bxb4 3. Bxe5 Nf6 4. Nc3 Nc6 5. Bxf6 Qxf6 6. Nd5 Qe5 7. c4 Ba5 8. Nf3 Qe4 9. e3 Ne5 10. Nxe5 Qxe5 11. Be2 c6 12. Nf4 O-O 13. O-O d6 14. d4 Qe7 15. Bd3 Qg5 16. Rb1 Bb6 17. Qf3 Bf5 18. h4 Qg4 19. Bxf5 Qxf5 20. g4 Qf6 21. Kg2 h6 22. Qg3 Rfe8 23. Rh1 Re4 24. g5 Qf5 25. gxh6 g6 26. Qg5 Bxd4 27. Qxf5 gxf5 28. Rxb7 Be5 29. Nh5 Rxc4 30. f4 Bh8 31. Kf3 Kh7 32. Rg1 Rf8 33. Ng3 Rc5 34. Rd1 Rd8 35. Rxf7+ Kg6 36. Rxa7 Kxh6 37. h5 Bf6 38. Rf7 Bh4 39. Nxf5+ Kxh5 40. Rh1 Kg6 41. Rg7+ Kxf5 42. Rxh4 Kf6 43. Rhg4 Rc3 44. R4g6+ Kf5 45. Rh6 1-0


[Site "https://www.chess.com"]

[Event "Titled Tuesday Blitz August 17 2021"]
[White "Tregubov, Pavel V."]
[Black "Abdurakhmonov, Mukhammadali"]
[WhiteFideId "4115341"]
[BlackFideId "14207346"]
[WhiteElo "2423"]
[BlackElo "2266"]
[Result "0-1"]
[Round "05"]
[TimeControl "180+1"]
[Date "2021.08.17"]
[WhiteClock "0:01:22"]
[BlackClock "0:00:23"]

1. e4 e5 2. Nf3 Nc6 3. Bb5 a6 4. Ba4 Nf6 5. O-O Nxe4 6. d4 b5 7. Bb3 d5 8. dxe5 Be6 9. c3 Bc5 10. a4 b4 11. Qe2 O-O 12. Be3 Rb8 13. Bc2 Bg4 14. Bxc5 Nxc5 15. Qe3 Bxf3 16. Qxc5 Qg5 17. g3 Nxe5 18. Qe3 Qh5 19. h4 b3 20. Bd3 Nxd3 21. Qxd3 Be2 22. Qd4 Bxf1 23. Kxf1 c5 24. Qd2 Qf3 25. Kg1 Rfe8 26. Na3 Re2 27. Qf4 Qxf4 28. gxf4 Rxb2 0-1


[Site "https://www.chess.com"]

[Event "Titled Tuesday Blitz August 17 2021"]
[White "Tristan, Leonardo"]
[Black "Lintchevski, Daniil"]
[WhiteFideId "113816"]
[BlackFideId "4171055"]
[WhiteElo "2404"]
[BlackElo "2494"]
[Result "1-0"]
[Round "05"]
[TimeControl "180+1"]
[Date "2021.08.17"]
[WhiteClock "0:00:05"]
[BlackClock "0:00:04"]

1. d4 d5 2. Nf3 Nf6 3. Bf4 c5 4. e3 Nc6 5. Nbd2 e6 6. c3 Be7 7. Ne5 Nxe5 8. Bxe5 O-O 9. Bd3 b6 10. Qf3 Bb7 11. Qh3 Ne4 12. f3 Ng5 13. Qg3 f6 14. Bf4 Nf7 15. Qh3 f5 16. g4 Bd6 17. gxf5 Bxf4 18. exf4 exf5 19. Bxf5 g6 20. Rg1 Qf6 21. O-O-O cxd4 22. cxd4 Bc8 23. Bxc8 Raxc8+ 24. Kb1 Qxf4 25. Qe6 Qd6 26. Qe3 Rfe8 27. Qd3 Qf6 28. f4 Nd6 29. Nf3 Qf5 30. Ne5 Rf8 31. h4 Kh8 32. Qxf5 Rxf5 33. Rdf1 Ne4 34. Rc1 Rxc1+ 35. Rxc1 Nd2+ 36. Kc2 Nc4 37. Kd3 Nxb2+ 38. Ke3 Nc4+ 39. Nxc4 dxc4 40. Rxc4 Ra5 41. Rc7 Rxa2 42. d5 Kg8 43. d6 Ra3+ 44. Ke4 Ra4+ 45. Ke5 Ra1 46. Rc8+ Kf7 47. d7 Re1+ 48. Kd6 Rc1 49. Rxc1 1-0


[Site "https://www.chess.com"]

[Event "Titled Tuesday Blitz August 17 2021"]
[White "Tsaruk, Maksim"]
[Black "Loy, Konstantin"]
[WhiteFideId "13511173"]
[BlackFideId "14122499"]
[WhiteElo "2184"]
[BlackElo "2084"]
[Result "1-0"]
[Round "05"]
[TimeControl "180+1"]
[Date "2021.08.17"]
[WhiteClock "0:01:06"]
[BlackClock "0:00:08"]

1. Nf3 c5 2. g3 g6 3. Bg2 Bg7 4. O-O Nc6 5. d3 Nf6 6. e4 O-O 7. Nbd2 e5 8. a4 d5 9. c3 d4 10. Nc4 Re8 11. cxd4 cxd4 12. b4 Bg4 13. b5 Na5 14. Nxa5 Qxa5 15. Bd2 Qb6 16. Qb3 Be6 17. Qb2 Nd7 18. a5 Qd8 19. Ng5 Nc5 20. Nxe6 Nxe6 21. Rfc1 Qd7 22. b6 a6 23. Bh3 Rac8 24. Kf1 Rxc1+ 25. Rxc1 Rc8 26. Rc2 Rc6 27. Qc1 Rxc2 28. Qxc2 Bf8 29. Bxe6 Qxe6 30. Qc7 Qa2 31. Ke1 Qb1+ 32. Ke2 Qa2 33. Qxb7 Bh6 34. Qb8+ Kg7 35. Qxe5+ Kg8 36. f4 1-0


[Site "https://www.chess.com"]